 Dungeon Crawl Stone Soup version 0.31-a0-232-gb1c03b2570 (webtiles) character file.

Game seed: 1361737601046914283

170 qw the Shooter (level 5, -5/45 HPs)
             Began as a Minotaur Hexslinger on July 7, 2023.
             Slain by a gnoll
             ... wielding a +0 halberd
              (12 damage)
             ... on level 3 of the Dungeon.
             The game lasted 00:00:35 (1805 turns).

qw the Shooter (Minotaur Hexslinger)                Turns: 1805, Time: 00:00:36

Health: -5/45      AC:  3    Str: 13    XL:     5   Next: 25%
Magic:  5/5        EV: 12    Int: 10    God:
Gold:   143        SH:  0    Dex: 14    Spells: 5/6 levels left

rFire   . . .        a - +1 sling (heavy)
rCold   . . .        (no shield)
rNeg    . . .        h - +0 leather armour
rPois   +            (helmet restricted)
rElec   .            (no cloak)
rCorr   .            (no gloves)
SInv    .            (no boots)
Will    .....        (no amulet)
Stlth   +            b - ring of poison resistance
HPRegen 0.27/turn    (no ring)
MPRegen 0.09/turn

%: no passive effects
@: no status effects
A: horns 2, retaliatory headbutt
a: no special abilities


You were on level 3 of the Dungeon.
You visited 1 branch of the dungeon, and saw 3 of its levels.

You collected 143 gold pieces.


Innate Abilities, Weirdness & Mutations

You have a pair of horns on your head.
You reflexively headbutt those who attack you in melee.


   Skills:
 - Level 3.1 Fighting
 + Level 5.4 Ranged Weapons
 - Level 2.1 Dodging
 - Level 1.0 Spellcasting
 - Level 2.0 Hexes


You had 5 spell levels left.
You knew the following spells:

 Your Spells              Type           Power      Damage    Failure   Level
a - Slow                  Hex            16%        N/A       19%         1

Your spell library contained the following spells:

 Spells                   Type           Power      Damage    Failure   Level
 Inner Flame              Hex/Fire       2%         N/A       65%         3
 Portal Projectile        Hex/Tloc       4%         N/A       65%         3
 Cause Fear               Hex            2%         N/A       88%         4

Inventory:

Hand Weapons
 a - a +1 heavy sling (weapon)
Armour
 h - a +0 leather armour (worn)
 l - a +0 ring mail
Jewellery
 b - a ring of poison resistance (left hand)
Scrolls
 c - a scroll of immolation {unknown}
 d - a scroll of acquirement {unknown}
 m - a scroll of enchant weapon {unknown}
Potions
 e - a potion of enlightenment {unknown}
 f - 2 potions of curing
 g - a potion of invisibility {unknown}
 i - a potion of attraction {unknown}
 j - a potion of heal wounds {unknown}
 k - a potion of brilliance {unknown}

Dungeon Overview and Level Annotations

Branches:
Dungeon (3/15)

Altars:

Shops:
D:3 *


Message History

You shoot a sling bullet. The sling bullet hits the gnoll.
The gnoll shouts!
The gnoll is lightly wounded.
A gnoll comes into view. It is wielding a +0 flail.
You shoot a sling bullet. The gnoll shouts!
The sling bullet hits the gnoll.
The gnoll is moderately wounded.
A gnoll comes into view. It is wielding a +0 halberd.
A gnoll comes into view. It is wielding a +0 club.
You shoot a sling bullet. The gnoll shouts!
The sling bullet hits the gnoll but does no damage.
The gnoll is moderately wounded.
The gnoll barely misses you.
A gnoll comes into view. It is wielding a +0 flail.
The gnoll hits you with a +0 club.
You shoot a sling bullet.
The sling bullet completely misses the gnoll.
The gnoll shouts!
The sling bullet hits the gnoll!
You kill the gnoll!
The gnoll hits you with a +0 club. x2
You shoot a sling bullet. The sling bullet hits the gnoll!
You kill the gnoll!
You shoot a sling bullet. The sling bullet hits the gnoll!
The gnoll is almost dead.
The gnoll hits you with a +0 club. x2
You shoot a sling bullet. The sling bullet hits the gnoll.
You kill the gnoll!
A gnoll comes into view. It is wielding a +0 club.
The gnoll hits you from afar with a +0 halberd!
The gnoll barely misses you. You furiously retaliate!
You headbutt the gnoll. You shoot a sling bullet. The gnoll shouts!
The sling bullet hits the gnoll.
The gnoll is severely wounded.
The gnoll hits you with a +0 flail.
The gnoll hits you from afar with a +0 halberd!
You die...

#.........).. .
#.......###..
.######.....##.. ..##
#.....##%#
#..####.........
.......|.%..##.#
#.#####.\##.....
#..######.#####.%##..#..
#.g..gg@................
.....####.#.######....##
#$. #.# ............ #
#.########....##
#...............
############....
#...........##.
#.#########.... #.###
#...#


You could see 3 gnolls.

Vanquished Creatures
  Jessica (D:3)
  Terence (D:3)
  3 gnolls (D:3)
  4 adders
  2 dart slugs
  3 bats
  4 endoplasms
  A giant cockroach (D:1)
  9 hobgoblins
  3 kobolds
  5 quokkas
  5 ball pythons
  6 frilled lizards
  3 rats
50 creatures vanquished.

Notes
Turn   | Place    | Note
-------+----------+-------------------------------------------
     0 | D:1      | qw the Minotaur Hexslinger began the quest for the Orb.
     0 | D:1      | Reached XP level 1. HP: 16/16 MP: 1/1
     0 | D:1      | 0 ||| qw: Version: 0.3-a-46-gb1f654a
     0 | D:1      | 0 ||| qw: Game counter: 2383
     0 | D:1      | 0 ||| qw: Melee chars always use a shield: true
     0 | D:1      | 0 ||| qw: God list: Okawaru
     0 | D:1      | 0 ||| qw: Allow faded altars: false
     0 | D:1      | 0 ||| qw: Do Orc after clearing Dungeon:15 true
     0 | D:1      | 0 ||| qw: Do second Lair branch before Depths: true
     0 | D:1      | 0 ||| qw: Lair rune preference: random
     0 | D:1      | 0 ||| qw: Goals: Normal
     0 | D:1      | 0 ||| PLANNING D:1-11
   230 | D:1      | Reached skill level 3 in Ranged Weapons
   230 | D:1      | Reached XP level 2. HP: 11/23 MP: 2/2
   744 | D:1      | 744 ||| READING 3 scrolls labelled UBLAH HUXTOCA.
   745 | D:1      | 745 ||| READING scroll labelled KOESEI BOTSAU.
   746 | D:1      | 746 ||| READING scroll labelled DIMNAU SEXKIOM.
   747 | D:1      | 747 ||| DRINKING 2 sedimented black potions.
   748 | D:1      | 748 ||| DROPPING 2 scrolls of vulnerability.
   749 | D:1      | 749 ||| DROPPING scroll of poison.
   782 | D:2      | Reached XP level 3. HP: 27/29 MP: 3/3
   840 | D:2      | Reached skill level 4 in Ranged Weapons
  1362 | D:2      | 1362 ||| UPGRADING to +0 leather armour.
  1372 | D:2      | 1372 ||| DROPPING +0 robe.
  1373 | D:2      | 1373 ||| UPGRADING to ring of poison resistance.
  1374 | D:2      | 1374 ||| READING scroll labelled DARENE DIM WALI.
  1375 | D:2      | 1375 ||| READING scroll labelled HUBLATT HIARI.
  1476 | D:2      | 1476 ||| READING scroll labelled SEVIAZ VOJEM.
  1541 | D:3      | Found Rouh's General Store.
  1550 | D:3      | 1550 ||| SHOPLISTING +1 leather armour of willpower (168
                  | gold, have 75).
  1550 | D:3      | 1550 ||| SHOPLISTING potion of mutation (96 gold, have 75).
  1551 | D:3      | Reached XP level 4. HP: 36/36 MP: 4/4
  1565 | D:3      | Noticed Jessica
  1567 | D:3      | Killed Jessica
  1568 | D:3      | Reached skill level 5 in Ranged Weapons
  1674 | D:3      | Noticed Terence
  1679 | D:3      | Killed Terence
  1701 | D:3      | Reached skill level 3 in Fighting
  1749 | D:3      | Reached XP level 5. HP: 45/45 MP: 5/5
  1804 | D:3      | HP: 9/45 [gnoll/+0 halberd (13)]
  1805 | D:3      | Slain by a gnoll

Levels and vault maps discovered:
D:1:      dpeg_arrival_pond, layout_basic, minmay_heptomino_h4
D:2:      layout_loops_cross, serial_glass, glass_columns_b, glass_columns_b
D:3:      layout_basic, serial_shops, shop, uniq_terence, uniq_jessica

Skill      XL: |  1  2  3  4 |
---------------+-------------+-----
Ranged Weapons | 3 4 5 |  5.4
Fighting       | 2 3 |  3.1
Dodging        | |  2.1
Spellcasting   | |  1.0
Hexes          | |  2.0

Action                     |  1- 3 |  4- 6 || total
---------------------------+-------+-------++-------
   Fire: Sling             |    78 |    29 ||   107
    Use: Scroll            |     6 |       ||     6
         Potion            |     1 |       ||     1
 Armour: Robe              |     4 |       ||     4
         Leather armour    |     1 |     1 ||     2
  Dodge: Dodged            |    16 |     8 ||    24

Table legend:
 A = Non-vault XP
 B = Vault XP
 C = Vault XP percentage of total XP
 D = Non-vault monster count
 E = Vault monster count
 F = Vault count percentage of total count
                 A         B        C        D         E       F
            +---------+---------+-------+---------+---------+-------
      Total |     166 |      77 |  31.7 |      45 |       5 |  10.0
            +---------+---------+-------+---------+---------+-------
        D:1 |      34 |       4 |  10.5 |      19 |       3 |  13.6
        D:2 |      42 |       0 |   0.0 |      10 |       0 |   0.0
        D:3 |      90 |      73 |  44.8 |      16 |       2 |  11.1
            +---------+---------+-------+---------+---------+-------
